 Dungeon Crawl Stone Soup version 0.19-a0-957-gf4ea323 (webtiles) character file.

1886 George the Carver (level 8, -2/56 HPs)
             Began as a Demonspawn Gladiator on July 10, 2016.
             Killed by divine providence
             ... invoked by an orc priest
              (12 damage)
             ... on level 6 of the Dungeon.
             The game lasted 00:15:12 (7707 turns).

George the Carver (Demonspawn Gladiator)            Turns: 7707, Time: 00:15:13

Health: -2/56      AC: 11    Str: 17    XL:     8   Next: 92%
Magic:  17/17      EV:  7    Int: 17    God:
Gold:   291        SH:  3    Dex: 16    Spells: 0 memorised, 7 levels left

rFire  + . .     SeeInvis .     A - +0 great sword
rCold  + . .     Gourm    .     g - +0 plate armour
rNeg   . . .     Faith    .     (shield currently unavailable)
rPois  +         Spirit   .     (helmet restricted)
rElec  .         Dismiss  .     y - +0 cloak {rPois}
rCorr  .         Reflect  +     (no gloves)
SustAt .         Harm     .     (no boots)
MR     .....                    v - +3 amulet of reflection
Stlth  ..........               H - ring of the Ant {Wiz rF+ MR- Int+7 Dex+2}
                                l - ring of magical power

@: drained, not resistant to hostile enchantments, extremely unstealthy
A: antennae 2, cold resistance 1, rot immunity, sturdy frame 1
a: no special abilities


You were on level 6 of the Dungeon.
You were hungry.

You visited 2 branches of the dungeon, and saw 7 of its levels.

You collected 291 gold pieces.

Inventory:

Hand Weapons
 a - a +0 long sword
 A - a +0 great sword (weapon)
Missiles
 d - 3 throwing nets (quivered)
Armour
 g - a +0 plate armour (worn)
 y - a +0 cloak of poison resistance (worn)
Jewellery
 l - a ring of magical power (left hand)
 v - a +3 amulet of reflection (around neck)
 H - the ring of the Ant (right hand) {Wiz rF+ MR- Int+7 Dex+2}
   (You found it on level 4 of the Dungeon)

   [ring of wizardry]

   It improves your spell success rate.
   It affects your intelligence (+7).
   It affects your dexterity (+2).
   It protects you from fire.
   It affects your resistance to hostile enchantments.
Wands
 B - a wand of slowing (23/48)
 M - a wand of lightning (5/15)
Scrolls
 j - 3 scrolls of fear {unknown}
 m - 10 scrolls of remove curse
 n - 4 scrolls of magic mapping {unknown}
 u - 3 scrolls of immolation {unknown}
 x - 2 scrolls of blinking {unknown}
 z - a scroll of enchant weapon {unknown}
 E - a scroll of amnesia {unknown}
 F - 3 scrolls of recharging {unknown}
 G - a scroll of teleportation {unknown}
 J - 3 scrolls of noise {unknown}
 N - 3 scrolls of identify
Potions
 h - 5 potions of curing
 q - a potion of ambrosia
 r - a potion of agility
 t - a potion of might
 P - 2 potions of haste
Comestibles
 f - 5 bread rations
 k - 2 beef jerkies
 C - a meat ration
 O - 4 chunks of flesh


   Skills:
 - Level 2.0(1.4) Fighting
 + Level 10.9(10.1) Long Blades
 - Level 1.7(1.1) Throwing
 - Level 2.6(2.0) Dodging


You had 7 spell levels left.
You didn't know any spells.

Dungeon Overview and Level Annotations

Branches:
Dungeon (6/15)             Temple (1/1) D:5

Altars:
Ashenzari
Cheibriados
Dithmenos
Elyvilon
Fedhas
Gozag
Hepliaklqana
Kikubaaqudgha
Nemelex Xobeh
Pakellas
Qazlal
Ru
Sif Muna
Trog
Uskayaw
Xom
Yredelemnul
Zin
The Shining One

Shops:
D:6 [


Innate Abilities, Weirdness & Mutations

You have a pair of antennae on your head.
Your flesh is cold resistant. (rC+)
You are immune to rotting.
Your movements are slightly less encumbered by armour. (ER -2)


Message History

You hit the giant cockroach.
You kill the giant cockroach!
The wight hits you but does no damage.
You closely miss the orc.
The sentinel's mark upon you fades away.
The wight barely misses you. The orc hits you with a mace.
* * * LOW HITPOINT WARNING * * *
You hit the orc.
The orc is lightly wounded.
The orc barely misses you.
You riposte.
You slash the orc!
You kill the orc!
You closely miss the orc priest. You block the orc priest's attack.
You closely miss the orc priest.
The orc priest hits you but does no damage.
The wight hits you from afar with a spear.
* * * LOW HITPOINT WARNING * * *
The orc priest curses repeatedly, in orcish tradition.
The orc priest mumbles some strange prayers to Beogh against you.
Beogh smites you!
You die...

###. #. #.# .... ....#. #.#
###. .....?# #.#### .....#
#..... ....# ###### ... #
#.. #
#####.######################
#.....)ozo.@.............(..
#.###.######################
#)# #)z# #..# #..# ##.# .#
..


You could see a wight, an orc priest and an orc.

Vanquished Creatures
  An ice beast (D:6)
  A necrophage (D:5)
  2 phantoms
  2 ogres
  A centaur (D:5)
  Blork the orc (D:4)
  A giant frog (D:6)
  2 scorpions
  A wight (D:6)
  A howler monkey (D:5)
  4 crimson imps
  3 orc priests
  Crazy Yiuf (D:2)
  A centaur skeleton (D:5)
  A giant frog skeleton (D:5)
  2 hounds
  2 orc wizards
  2 iguanas
  Jessica (D:2)
  Natasha (thrice) (D:2)
  Terence (D:3)
  4 worker ants (D:5)
  Robin (D:1)
  6 gnolls
  5 adders
  A howler monkey skeleton (D:4)
  A shadow imp (D:5)
  An adder skeleton (D:4)
  6 worms
  11 dart slugs
  3 giant geckos
  9 orcs
  4 giant cockroaches
  13 goblins
  12 hobgoblins
  9 jackals
  5 kobolds
  3 quokkas
  4 ball pythons
  6 bats
  A giant cockroach zombie (D:6)
  A giant newt (D:3)
  A jackal skeleton (D:4)
  8 rats
149 creatures vanquished.

Notes
Turn   | Place    | Note
-------+----------+-------------------------------------------
     0 | D:1      | George the Demonspawn Gladiator began the quest for the Orb.
     0 | D:1      | Reached XP level 1. HP: 16/16 MP: 1/1
   287 | D:1      | Reached skill level 3 in Long Blades
   716 | D:1      | Gained mutation: Your movements are slightly less encumbered by armour. (ER -2) [demonic ancestry]
   716 | D:1      | Reached XP level 2. HP: 22/22 MP: 2/2
  1076 | D:2      | Noticed Robin
  1389 | D:1      | Killed Robin
  1389 | D:1      | Reached XP level 3. HP: 9/27 MP: 3/3
  1545 | D:1      | Reached skill level 4 in Long Blades
  1979 | D:2      | Found a runed door.
  2042 | D:2      | Noticed Natasha
  2049 | D:2      | Killed Natasha
  2049 | D:2      | Gained mutation: You are immune to rotting. [demonic ancestry]
  2049 | D:2      | Reached XP level 4. HP: 10/33 MP: 4/4
  2274 | D:2      | Noticed Jessica
  2286 | D:2      | Killed Jessica
  2286 | D:2      | Reached skill level 5 in Long Blades
  2558 | D:1      | Gained mutation: You have a pair of small antennae on your head. [demonic ancestry]
  2558 | D:1      | Reached XP level 5. HP: 15/38 MP: 5/5
  3050 | D:2      | Found a shattered altar of Ashenzari.
  3060 | D:2      | Found a sparkling altar of Nemelex Xobeh.
  3089 | D:2      | Noticed Natasha
  3123 | D:2      | Killed Natasha
  3376 | D:2      | Noticed Natasha
  3386 | D:2      | Killed Natasha
  3405 | D:2      | Noticed Crazy Yiuf
  3416 | D:2      | Killed Crazy Yiuf
  3416 | D:2      | Reached skill level 6 in Long Blades
  3548 | D:3      | Gained mutation: Your flesh is cold resistant. (rC+) [demonic ancestry]
  3548 | D:3      | Reached XP level 6. HP: 44/44 MP: 6/6
  3868 | D:3      | Noticed Terence
  3876 | D:3      | Killed Terence
  4323 | D:4      | Found a stormy altar of Qazlal.
  4355 | D:4      | Reached skill level 7 in Long Blades
  4373 | D:4      | Gained mutation: You have a pair of antennae on your head. [demonic ancestry]
  4373 | D:4      | Reached XP level 7. HP: 28/50 MP: 7/7
  4601 | D:4      | Noticed Blork the orc
  4608 | D:4      | Killed Blork the orc
  4958 | D:4      | Reached skill level 8 in Long Blades
  5048 | D:4      | Got a scorched platinum ring
  5292 | D:5      | Entered Level 5 of the Dungeon
  5820 | D:5      | Found a blossoming altar of Fedhas.
  5853 | D:5      | Reached skill level 9 in Long Blades
  5853 | D:5      | Reached XP level 8. HP: 48/56 MP: 8/8
  6079 | D:5      | Found a hide-covered altar of Uskayaw.
  6080 | D:5      | Found a hazy altar of Hepliaklqana.
  6084 | D:5      | Identified the ring of the Ant {Wiz rF+ MR- Int+7 Dex+2} (You found it on level 4 of the Dungeon)
  6128 | D:5      | Found a basalt altar of Yredelemnul.
  6227 | D:5      | Found a staircase to the Ecumenical Temple.
  6235 | Temple   | Entered the Ecumenical Temple
  6937 | D:4      | Reached skill level 10 in Long Blades
  7624 | D:6      | Found Kairon's Antique Armour Shoppe.
  7707 | D:6      | Killed from afar by an orc priest

Vault maps used:
D:1:      sevenhm_arrival_forest_fort_small_6
D:2:      grunt_temple_overflow_open, uniq_crazy_yiuf_cottage, uniq_jessica,
          uniq_natasha, uniq_robin
D:3:      uniq_terence
D:4:      lemuel_doored_altar, nrook_loot_triangle, uniq_blork_the_orc
D:5:      kennysheep_slugbush, fedhas_altar_3, gammafunk_temple_overflow_statue,
          overflow_temple_1_default, first_bread
D:6:      serial_shops, nicolae_shop_overgrown_old_shop
Temple:   nicolae_temple_hex_pool

Skill      XL: |  1  2  3  4  5  6  7  8 |
---------------+-------------------------+-----
Long Blades    | 3 4 5 6 7 9 10 | 10.9
Fighting       | |  2.0
Throwing       | |  1.7
Dodging        | |  2.6

Action                   |  1- 3 |  4- 6 |  7- 9 || total
-------------------------+-------+-------+-------++-------
Melee: Long sword        |   143 |   143 |       ||   286
       Great sword       |       |    84 |   263 ||   347
  Use: Scroll            |       |     4 |     2 ||     6
 Stab: Invisible         |       |     1 |       ||     1
  Eat: Chunk             |     4 |     7 |    11 ||    22
Armor: Plate armour      |   148 |   114 |   159 ||   421
       Leather armour    |     1 |       |       ||     1
Dodge: Dodged            |    50 |    70 |    87 ||   207
Block: Other             |       |     8 |    33 ||    41
       Reflection        |       |       |     4 ||     4
